 Dungeon Crawl Stone Soup version 0.27.0-1-g7a089689b8 (webtiles) character file.

Game seed: 1695985179346496012

4 MajorAdolf the Skirmisher (level 1, -4/21 HPs)
             Began as a Naga Wanderer on Aug 9, 2021.
             Slain by a hobgoblin (5 damage)
             ... on level 2 of the Dungeon.
             The game lasted 00:00:19 (232 turns).

MajorAdolf the Skirmisher (Naga Wanderer)            Turns: 232, Time: 00:00:20

Health: -4/21      AC:  1    Str: 14    XL:     1   Next: 70%
Magic:  1/1        EV:  9    Int: 12    God:
Gold:   17         SH:  0    Dex: 10    Spells: 0/0 levels left

rFire    . . .     SeeInvis +   a - +2 spear
rCold    . . .     Faith    .   (no shield)
rNeg     . . .     Spirit   .   e - +0 robe
rPois    +         Reflect  .   (no helmet)
rElec    .         Harm     .   (no cloak)
rCorr    .         Rampage  .   (no gloves)
Will     .....                  (no barding)
Stlth    ++........             (no amulet)
HPRegen  0.07/turn              (no ring)
MPRegen  0.07/turn              (no ring)

@: very slow
A: AC +0, large, see invisible, deformed body, poison resistance, slowness 2,
spit poison 1, naga tail 1
a: Spit Poison


You were on level 2 of the Dungeon.
You visited 1 branch of the dungeon, and saw 2 of its levels.

You collected 17 gold pieces.

Inventory:

Hand Weapons
 a - a +2 spear (weapon)
 b - a +0 falchion
 c - a +0 shortbow
Missiles
 d - 22 arrows
Armour
 e - a +0 robe (worn)


   Skills:
 - Level 3.0 Fighting
 - Level 2.0 Polearms
 - Level 1.0 Bows
 - Level 1.0 Throwing
 - Level 1.0 Armour
 - Level 1.0 Dodging
 + Level 2.7 Stealth


You couldn't memorise any spells.
You didn't know any spells.
Your spell library was empty.

Dungeon Overview and Level Annotations

Branches:
Dungeon (1/15)

Altars:


Innate Abilities, Weirdness & Mutations

Your serpentine skin is tough. (AC +0)
You have supernaturally acute eyesight. (SInv)
Armour fits poorly on your strangely shaped body.
Your system is resistant to poisons. (rPois)
You cover ground very slowly.
You can spit poison.
You have a snake-like lower body.


Message History

The bat barely misses you. The bat closely misses you.
You hit the bat.
You kill the bat!
No target in view!
No target in view!
You fall into a shaft and drop 1 floor!
The shaft crumbles and collapses.
An adder comes into view.
The adder hisses angrily.
Found 12 gold pieces.
A hobgoblin comes into view.
Press: ? - help, Shift-Dir - straight line, f - adder
Aim: an adder You fail to use your ability.
The hobgoblin shouts!
Unknown command.
Press: ? - help, Shift-Dir - straight line, f/p - adder
Aim: an adder The splash of poison hits the adder.
The adder is heavily wounded.
The adder bites you.
Unknown command.
You miss the adder.
The adder is heavily wounded.
The adder bites you but does no damage.
You hit the adder but do no damage.
The adder is heavily wounded.
The adder bites you. x2; The hobgoblin hits you.
Unknown command.
You hit the adder.
The adder is severely wounded.
The adder barely misses you. The hobgoblin hits you.
* * * LOW HITPOINT WARNING * * *
You closely miss the adder.
The adder is severely wounded.
You have got your breath back.
The adder bites you.
* * * LOW HITPOINT WARNING * * *
The hobgoblin hits you.
You die...

#.. .. ##..
...#
####..###
........#
.......S#
.......@+
.......g#
........#
.........
..$......
..........
........#.
........#.#


You could see an adder and a hobgoblin.

Vanquished Creatures
  A hobgoblin (D:1)
  A ball python (D:1)
  A bat (D:1)
  3 rats (D:1)
6 creatures vanquished.

Notes
Turn   | Place    | Note
-------+----------+-------------------------------------------
     0 | D:1      | MajorAdolf the Naga Wanderer began the quest for the Orb.
     0 | D:1      | MajorAdolf set off with the following items: a +2 spear, a
                  | +0 falchion, a +0 shortbow, 22 arrows, a +0 robe
     0 | D:1      | Reached XP level 1. HP: 21/21 MP: 1/1
   226 | D:1      | You fall into a shaft and drop 1 floor!
   232 | D:2      | HP: 1/21 [adder (4)]
   232 | D:2      | Slain by a hobgoblin

Illustrated notes

Levels and vault maps discovered:
D:1:      wander_arrival_fairy_ring, layout_loops_ring, basic_ecumenical_altar
D:2:      layout_basic, minmay_fractal_squares_5

Skill      XL: |  1 |
---------------+----+-----
Stealth        | 2 |  2.7
Fighting       | |  3.0
Polearms       | |  2.0
Bows           | |  1.0
Throwing       | |  1.0
Armour         | |  1.0
Dodging        | |  1.0

Action                   || total
-------------------------++-------
Melee: Spear             ||    17
 Abil: Spit Poison       ||     1
Armor: Robe              ||     3
Dodge: Dodged            ||     7
